 Dungeon Crawl Stone Soup version 0.27.1-37-g7b29ead8ac (console) character file.

Game seed: 15126105845388223754

9 grimtooth the Sneak (level 2, 0/19 HPs)
             Began as a Vampire Enchanter on Dec 24, 2023.
             Slain by Natasha (2 damage)
             ... on level 2 of the Dungeon.
             The game lasted 00:02:58 (332 turns).

grimtooth the Sneak (Vampire Enchanter)              Turns: 332, Time: 00:02:58

Health: 0/19       AC:  2    Str:  7    XL:     2   Next: 3%
Magic:  4/5        EV: 12    Int: 17    God:
Gold:   12         SH:  0    Dex: 14    Spells: 4/5 levels left

rFire    . . .     SeeInvis +   a - +1 dagger
rCold    . . .     Faith    .   (no shield)
rNeg     . . .     Spirit   .   b - +0 robe
rPois    .         Reflect  .   (no helmet)
rElec    .         Harm     .   (no cloak)
rCorr    .         Rampage  .   (no gloves)
Will     .....                  (no boots)
Stlth    +++.......             (no amulet)
HPRegen  0.26/turn              (no ring)
MPRegen  0.09/turn              (no ring)

@: healing quickly
A: alive, fangs 3, see invisible, vampiric 1
a: Exsanguinate


You were on level 2 of the Dungeon.
You visited 1 branch of the dungeon, and saw 2 of its levels.

You collected 12 gold pieces.

Inventory:

Hand Weapons
 a - a +1 dagger (weapon)
Armour
 b - a +0 robe (worn)
Scrolls
 c - a scroll of acquirement {unknown}


   Skills:
 * Level 1.8 Short Blades
 - Level 2.1 Dodging
 + Level 4.6 Stealth
 - Level 2.0 Spellcasting
 + Level 4.6 Hexes


You had 4 spell levels left.
You knew the following spells:

 Your Spells              Type           Power      Damage    Failure   Level
a - Corona                Hex            18%        N/A       3%          1

Your spell library contained the following spells:

 Spells                   Type           Power      Damage    Failure   Level
 Confusing Touch          Hex            17%        N/A       9%          3
 Tukima's Dance           Hex            17%        N/A       9%          3
 Ensorcelled Hibernation  Hex/Ice        18%        N/A       12%         2
 Dazzling Flash           Conj/Hex       18%        N/A       22%         3


Dungeon Overview and Level Annotations

Branches:
Dungeon (2/15)

Altars:

Annotations:
D:2 Natasha


Innate Abilities, Weirdness & Mutations

Your natural rate of healing is accelerated.
You have razor-sharp teeth.
You have supernaturally acute eyesight. (SInv)
You are afflicted with vampirism.


Message History

Press: ? - help, v - describe, . - travel
Here: a gnoll, wielding a +0 club The floor.
There is a stone staircase leading down here.
You climb downwards.
Found 15 sling bullets.
Found a stone staircase leading up.
There is a stone staircase leading up here.
Casting: Corona (safe; 3% risk of failure)
Confirm with . or Enter, or press ? or * to list all spells.
Aiming: Corona (safe; 3% risk of failure)
Press: ? - help, Shift-Dir - straight line, f - Natasha
Aim: Natasha (chance to affect: 54%) Natasha is outlined in light.
Natasha claws you but does no damage.
You hit Natasha but do no damage. Natasha claws you.
You barely miss Natasha. Natasha barely misses you.
You barely miss Natasha.
Natasha mumbles some strange words.
You barely miss Natasha. You hit Natasha.
Natasha is lightly wounded.
Natasha casts a spell.
You hit Natasha.
Natasha is moderately wounded.
Natasha claws you! The shadow imp misses you.
You hit Natasha.
Natasha is moderately wounded.
Natasha claws you.
* * * LOW HITPOINT WARNING * * *
You aren't carrying any potions.
Enter note: - well this is going poorly You hit Natasha.
Your bite misses Natasha.
Natasha is heavily wounded.
Natasha stares at you and mumbles some strange words.
The magic dart hits you.
* * * LOW HITPOINT WARNING * * *
You closely miss Natasha. You bite Natasha, but do no damage.
Natasha is heavily wounded.
The crimson imp barely misses you. Natasha claws you.
You die...

#. # #. #. #.
#<.#. #..#.
#....
#(..5#########
#..5h@........
#...#.<.......
.....
#.########
###. #.# # #.#
#.# #.# #.# #.


You could see Natasha (corona), a crimson imp (summoned) and a shadow imp
(summoned).

Vanquished Creatures
  An endoplasm (D:1)
  A giant cockroach (D:1)
  2 goblins (D:1)
  A hobgoblin (D:1)
  2 ball pythons (D:1)
  A kobold (D:1)
8 creatures vanquished.

Notes
Turn   | Place    | Note
-------+----------+-------------------------------------------
     0 | D:1      | grimtooth the Vampire Enchanter began the quest for the
                  | Orb.
     0 | D:1      | Reached XP level 1. HP: 13/13 MP: 3/3
   270 | D:1      | Reached XP level 2. HP: 12/19 MP: 3/5
   321 | D:2      | Noticed Natasha
   329 | D:2      | Noticed a crimson imp
   331 | D:2      | - well this is going poorly
   332 | D:2      | Slain by Natasha

Illustrated notes

#. # #. #. #.
#<.#. #..#.
#....
#(.55#########
#...h@........
#...#.<.......
.....
#.########
###. #.# # #.#
#.# #.# #.# #.


Turn 331 on D:2: - well this is going poorly

Levels and vault maps discovered:
D:1:      scummos_arrival_simple_crosswalls, layout_loops_corners,
          shapermc_ecumenical_altar_venn, hangedman_decor_points, minmay_cupped
D:2:      layout_loops_ring, uniq_natasha

Action                   || total
-------------------------++-------
Melee: Dagger            ||    34
       Bite              ||     4
 Cast: Corona            ||    10
 Stab: Sleeping          ||     1
Armor: Robe              ||     2
Dodge: Dodged            ||    15
